 Dungeon Crawl Stone Soup version 0.32-a0-612-g1c984fe9d1 (webtiles) character file.

Game seed: 9992980585711145718

173 SunderingTitan the Trooper (level 5, -4/46 HPs)
             Began as a Draconian Reaver on Mar 4, 2024.
             Splashed by a jelly's acid (6 damage)
             ... on level 4 of the Dungeon.
             The game lasted 00:04:15 (2824 turns).

SunderingTitan the Trooper (Draconian Reaver)       Turns: 2824, Time: 00:04:16

Health: -4/46      AC: -7    Str: 15    XL:     5   Next: 28%
Magic:  8/8        EV: 12    Int: 13    God:
Gold:   125        SH:  0    Dex: 11    Spells: 7/8 levels left

rFire   . . .        m - +2 whip (venom)
rCold   . . .        (no shield)
rNeg    . . .        (body armour unavailable)
rPois   .            (helmet restricted)
rElec   .            (no cloak)
rCorr   .            (no gloves)
SInv    .            (no boots)
Will    .....        (no amulet)
Stlth   +            (no ring)
HPRegen 0.27/turn    (no ring)
MPRegen 0.11/turn

%: no passive effects
@: corroded
A: AC +5, unfitting armour, cold-blooded
a: no special abilities


You were on level 4 of the Dungeon.
You visited 1 branch of the dungeon, and saw 4 of its levels.

You collected 125 gold pieces.

Inventory:

Hand Weapons
 m - a +2 whip of venom (weapon)
Scrolls
 a - a scroll of enchant weapon {unknown}
 b - 3 scrolls of amnesia {unknown}
 c - a scroll of torment {unknown}
 d - a scroll of noise {unknown}
 e - 2 scrolls of identify {unknown}
 g - a scroll of fog {unknown}
 h - a scroll of butterflies {unknown}
 i - a scroll of immolation {unknown}
 j - 3 scrolls of teleportation {unknown}
Potions
 f - a potion of heal wounds {unknown}
 k - a potion of brilliance {unknown}
 l - a potion of attraction {unknown}


   Skills:
 + Level 4.2 Fighting
 - Level 0.2 Ranged Weapons
 + Level 3.4 Dodging
 - Level 3.6 Unarmed Combat
 - Level 2.0 Spellcasting
 - Level 3.0 Conjurations


You had 7 spell levels left.
You knew the following spells:

 Your Spells              Type           Power      Damage    Failure   Level
a - Kiss of Death         Conj/Necr      20%        2d7       14%         1

Your spell library contained the following spells:

 Spells                   Type           Power      Damage    Failure   Level
 Momentum Strike          Conj/Tloc      10%        3d8       21%         2
 Jinxbite                 Hex            2%         N/A       36%         2
 Hailstorm                Conj/Ice       5%         3d5       38%         3
 Confusing Touch          Hex            1%         N/A       58%         3
 Inner Flame              Hex/Fire       1%         N/A       58%         3
 Dispel Undead            Necr           1%         3d6       94%         4
 Irradiate                Conj/Alch      2%         3d12      98%         5
 Yara's Violent Unravell  Hex/Alch       0%         3d3       100%        5
 Enfeeble                 Hex            0%         N/A       100%        7
 Ignition                 Fire           0%         3d3       100%        8


Dungeon Overview and Level Annotations

Branches:
Dungeon (4/15)
 Temple: D:4-7

Altars:
Cheibriados
Makhleb
Uskayaw


Innate Abilities, Weirdness & Mutations

Your plain brown scales are hard. (AC +5)
You cannot fit into any form of body armour.
You are cold-blooded and may be slowed by cold attacks.


Message History

You are too injured to fight recklessly!
You are too injured to fight recklessly!
You are too injured to fight recklessly!
You are too injured to fight recklessly!
You are too injured to fight recklessly!
You are too injured to fight recklessly!
You are too injured to fight recklessly!
You are too injured to fight recklessly!
You are too injured to fight recklessly!
You are too injured to fight recklessly!
You are too injured to fight recklessly!
You are too injured to fight recklessly!
You are too injured to fight recklessly!
You are too injured to fight recklessly!
You are too injured to fight recklessly!
You hit the jelly. The acid corrodes you!
Your hands burn!
The jelly is heavily wounded.
The jelly hits you. The acid corrodes you!
You are splashed with acid!
The jelly closely misses you.
You barely miss the jelly.
You tail-slap the jelly, but do no damage.
The jelly is heavily wounded.
The jelly hits you. The acid corrodes you!
You are splashed with acid.
* * * LOW HITPOINT WARNING * * *
You hit the jelly but do no damage.
Your hands burn!
* * * LOW HITPOINT WARNING * * *
The jelly is heavily wounded.
The jelly closely misses you.
You barely miss the jelly.
The jelly is heavily wounded.
The jelly closely misses you.
Unknown command.
You hit the jelly.
The jelly is poisoned.
The acid corrodes you!
Your hands burn!
* * * LOW HITPOINT WARNING * * *
The jelly is severely wounded.
The jelly hits you.
* * * LOW HITPOINT WARNING * * *
You are splashed with acid.
You die...

...... ... ......
.....
......#####.....
....................
....................
#[................
#....J....##.....
#.....@...##...#
#.........##...#
#.........##.).###.#
#....)....'.†..'...#
#.........#....#####
#.........#..<.†...#
###########.######.#
#.# #.#


You could see a jelly (poisoned).

Vanquished Creatures
  An iron imp (D:3)
  Terence (D:3)
  A gnoll (D:3)
  4 adders
  A ribbon worm (D:3)
  2 orcs
  5 bats
  12 endoplasms
  A giant cockroach (D:4)
  6 goblins
  8 hobgoblins
  4 kobolds
  7 quokkas
  4 ball pythons
  5 frilled lizards
  5 rats
67 creatures vanquished.

Notes
Turn   | Place    | Note
-------+----------+-------------------------------------------
     0 | D:1      | SunderingTitan the Draconian Reaver began the quest for the
                  | Orb.
     0 | D:1      | Reached XP level 1. HP: 17/17 MP: 3/3
   171 | D:1      | Reached XP level 2. HP: 15/25 MP: 5/5
   624 | D:1      | Reached XP level 3. HP: 30/30 MP: 6/6
  1115 | D:2      | Reached skill level 3 in Fighting
  1628 | D:3      | Reached XP level 4. HP: 38/38 MP: 7/7
  1673 | D:3      | Found the +10 Black Knight's barding {ponderous, rPois rN+}
  1746 | D:3      | Found a hide-covered altar of Uskayaw.
  1748 | D:3      | Noticed Terence
  1772 | D:3      | Killed Terence
  1990 | D:3      | Found a faded altar of an unknown god.
  2360 | D:3      | Found a snail-covered altar of Cheibriados.
  2535 | D:3      | Found a burning altar of Makhleb.
  2546 | D:3      | Reached skill level 4 in Fighting
  2546 | D:3      | Reached XP level 5. HP: 30/46 MP: 8/8
  2824 | D:4      | HP: 2/46 [jelly (1)]
  2824 | D:4      | Splashed by a jelly's acid

Illustrated notes

Levels and vault maps discovered:
D:1:      eino_arrival_tree_alley, layout_loops_cross,
          wander_ebering_terrifying_dragon_lair
D:2:      layout_basic, minmay_misc_feat_chi
D:3:      layout_basic, nicolae_uskayaw_murder_on_the_dancefloor,
          mainiacjoe_overflow_alcove_4, demons_altar,
          shapermc_ecumenical_altar_venn, minmay_misc_feat_iff, uniq_terence
D:4:      layout_basic, kennysheep_mini

Skill      XL: |  1  2  3  4 |
---------------+-------------+-----
Dodging        | 2 3 |  3.4
Fighting       | 3 4 |  4.2
Ranged Weapons | |  0.2
Unarmed Combat | |  3.6
Spellcasting   | |  2.0
Conjurations   | |  3.0

Action                     |  1- 3 |  4- 6 || total
---------------------------+-------+-------++-------
  Melee: Unarmed           |   149 |    84 ||   233
         Tailslap          |    15 |    16 ||    31
         Punch             |     3 |     6 ||     9
         Whip              |       |    25 ||    25
  Evoke: Wand              |       |     3 ||     3
   Stab: Sleeping          |     2 |     2 ||     4
 Armour: Skin              |    68 |    61 ||   129
  Dodge: Dodged            |    76 |    91 ||   167

Table legend: (Time is in decaauts)
 A = Elapsed time spent in this place.
 B = Non-inter-level travel time spent in this place.
 C = Inter-level travel time spent in this place.
 D = Time resting spent in this place.
 E = Time spent auto-exploring this place.
 F = Levels seen in this place.
 G = Mean time per level.
                   A        B        C        D        E       F      G
               +--------+--------+--------+--------+--------+-----+--------+
         Total |   2821 |   2553 |    268 |    193 |   1836 |   4 |  705.2 |
       Dungeon |   2821 |   2553 |    268 |    193 |   1836 |   4 |  705.2 |
               +--------+--------+--------+--------+--------+-----+--------+

Top non-repeatable levels by time:
     D:3: 1137 daAuts
     D:1: 959 daAuts
     D:2: 662 daAuts
     D:4: 62 daAuts
